cohdb
Replays
Latest Replays
All Replays
Popular Replays
Top Player Replays
Match Explorer
How It Works
Community
CoH3 Stats
Reddit
Sign in to upload your games and track your stats! →
Sign in with Steam
Match 47062713
Unlisted
Match 47062713
Overview
Messages
Build Orders
End
Pioneer Squad
Construct Infanterie Kompanie
Kettenkrad Recon Vehicle
Selects Breakthrough Battlegroup
Selects Assault Grenadiers
Grenadier Squad
MG 42 Machine Gun Team
Grenadier Squad
Construct Panzergrenadier Kompanie
Construct Luftwaffe Kompanie
221 Scout Car
Selects Breakthrough
Breakthrough
Jäger Squad
Selects 2.5-tonne Cargo Truck
2.5-tonne Cargo Truck
Pioneer Squad
Medical Station
Support Elements
Breakthrough
Marder III M Tank Destroyer
Marder III M Tank Destroyer
Selects Blitzkrieg
Jäger Squad
Breakthrough
Pioneer Squad
Marder III M Tank Destroyer
Pioneer Squad
Blitzkrieg
♠♣ Kvothe ♠♣
ABC123
0
0
Comments
sign in to comment!
No comments posted yet!